 Dungeon Crawl Stone Soup version 0.25.0-37-gb73750e0fb (console) character file.

Game seed: 2136237229137793722

99 Kagalorn the Sneak (level 4, 0/27 HPs)
             Began as an Octopode Earth Elementalist on July 9, 2020.
             Slain by a gnoll
             ... wielding a +0 club
              (4 damage)
             ... on level 3 of the Dungeon.
             The game lasted 00:05:56 (2881 turns).

Kagalorn the Sneak (Octopode Earth Elementalist)    Turns: 2881, Time: 00:05:56

Health: 0/27       AC:  1    Str:  7    XL:     4   Next: 72%
Magic:  0/8        EV:  8    Int: 18    God:
Gold:   137        SH:  0    Dex: 12    Spells: 5/8 levels left

rFire    . . .     SeeInvis .   a - +1 dagger (speed)
rCold    . . .     Gourm    .   (no shield)
rNeg     . . .     Faith    .   (helmet restricted)
rPois    +         Spirit   .   (no amulet)
rElec    .         Reflect  .   e - ring of poison resistance (curse)
rCorr    .         Harm     .   (no ring)
MR       .....                  (no ring)
Stlth    +++.......             (no ring)
HPRegen  0.09/turn              (no ring)
MPRegen  0.11/turn              (no ring)
                                (no ring)
                                (no ring)

@: held
A: almost no armour, stealthy swim, amphibious, 8 rings, constrict 8, camouflage
1, gelatinous body 1
a: no special abilities


You were on level 3 of the Dungeon.
You were not hungry.

You visited 1 branch of the dungeon, and saw 3 of its levels.

You collected 137 gold pieces.

Inventory:

Hand Weapons
 a - a +1 dagger of speed (weapon)
Missiles
 b - 37 stones (quivered)
 h - 37 bolts
 j - 28 sling bullets
Jewellery
 e - a cursed ring of poison resistance (left tentacle)
Scrolls
 f - a scroll of random uselessness {unknown}
 g - a scroll of amnesia {unknown}
 i - 2 scrolls of teleportation {unknown}
 m - a scroll of enchant armour {unknown}
 n - a scroll of magic mapping {unknown}
 q - a scroll of identify {unknown}
 r - a scroll of remove curse {unknown}
 t - a scroll of fog {unknown}
Potions
 d - 3 potions of curing {unknown}
 k - a potion of degeneration {unknown}
 l - a potion of stabbing {unknown}
 o - a potion of magic {unknown}
 p - a potion of invisibility {unknown}
Comestibles
 c - 7 rations
 s - 4 chunks of flesh


   Skills:
 + Level 2.7 Dodging
 + Level 3.9 Stealth
 + Level 2.6 Spellcasting
 + Level 1.2 Transmutations
 * Level 3.8 Earth Magic


You had 5 spell levels left.
You knew the following spells:

 Your Spells              Type           Power        Failure   Level  Hunger
a - Sandblast             Erth           ###...       3%          1    #......
g - Passwall              Tmut/Erth      ##......     9%          2    ##.....

Your spell library contained the following spells:

 Spells                   Type           Power        Failure   Level  Hunger
 Stone Arrow              Conj/Erth      #.....       22%         3    ###....
 Petrify                  Tmut/Erth      ##......     52%         4    #####..
 Lee's Rapid Deconstruct  Erth           ###.......   67%         5    ######.


Dungeon Overview and Level Annotations

Branches:
Dungeon (3/15)

Altars:
Okawaru
Ru
Xom

Annotations:
D:1 Terence


Innate Abilities, Weirdness & Mutations

You cannot wear most types of armour.
You are very stealthy in the water. (Stealth+)
You are amphibious.
You can wear up to eight rings at the same time.
You can use your tentacles to constrict eight enemies at once.
Your skin changes colour to match your surroundings (Stealth+).
Your rubbery body absorbs attacks. (AC +1, EV +1)


Message History

Confirm with . or Enter, or press ? or * to list all spells.
Aiming: Sandblast (safe; 3% risk of failure)
Press: ? - help, Shift-Dir - straight line, f/p - gnoll
Aim: a gnoll, wielding a +0 whip (almost dead)
The blast of sand hits the gnoll.
You kill the gnoll!
b - 38 stones The gnoll hits you with a +0 club!
* * * LOW HITPOINT WARNING * * *
Casting: Sandblast (safe; 3% risk of failure)
Confirm with . or Enter, or press ? or * to list all spells.
Aiming: Sandblast (safe; 3% risk of failure)
Press: ? - help, Shift-Dir - straight line, f - gnoll
Aim: a gnoll, wielding a +0 club and quivering a throwing net The blast of sand hits the gnoll.
The gnoll is moderately wounded.
b - 37 stones An orc priest comes into view.
It is wielding a +0 hand axe.
The gnoll hits you with a +0 club.
You die...

#......##.#
######.##.#
######.##.##
#..........#
######.##..#
##.##..# #.
#...#..###....
#........!....
#...#@.######.
#####g)# #†.#
#..# #g.# #..#
...# ....o
......


You could see an orc priest, a gnoll and a goblin.

Vanquished Creatures
  2 gnolls (D:3)
  2 adders (D:2)
  An ooze (D:1)
  4 dart slugs
  8 bats
  2 giant cockroaches
  3 goblins
  7 hobgoblins
  4 jackals (D:2)
  8 kobolds
  A quokka (D:2)
  2 frilled lizards
  5 rats
49 creatures vanquished.

Notes
Turn   | Place    | Note
-------+----------+-------------------------------------------
     0 | D:1      | Kagalorn the Octopode Earth Elementalist began the quest
                  | for the Orb.
     0 | D:1      | Reached XP level 1. HP: 11/11 MP: 3/3
   409 | D:1      | Reached XP level 2. HP: 17/17 MP: 1/5
   805 | D:1      | Reached XP level 3. HP: 21/21 MP: 6/6
  1355 | D:2      | Found a shimmering altar of Xom.
  1356 | D:2      | Found an iron altar of Okawaru.
  1356 | D:2      | Found a sacrificial altar of Ru.
  1356 | D:2      | Noticed Terence
  1834 | D:2      | Learned a level 2 spell: Passwall
  1955 | D:2      | Reached XP level 4. HP: 27/27 MP: 5/7
  2881 | D:3      | Slain by a gnoll

Illustrated notes

Levels and vault maps discovered:
D:1:      lemuel_arrival_hallway, layout_basic
D:2:      layout_loops_ring, chequers_temple_overflow_statue_of_worship,
          uniq_terence
D:3:      layout_loops_ring, kennysheep_vampire_church, trog_eyes_of_draining,
          first_ration

Skill      XL: |  1 |
---------------+----+-----
Stealth        | 3 |  3.9
Dodging        | |  2.7
Spellcasting   | |  2.6
Transmutations | |  1.2
Earth Magic    | |  3.8

Action                   |  1- 3 |  4- 6 || total
-------------------------+-------+-------++-------
Melee: Unarmed           |     5 |       ||     5
       Spear             |    58 |    39 ||    97
       Constrict         |    14 |    10 ||    24
       Tentacles         |     5 |     2 ||     7
       Dagger            |       |     8 ||     8
Throw: Stone             |     1 |       ||     1
 Cast: Sandblast         |    20 |    18 ||    38
       Passwall          |       |     1 ||     1
 Stab: Sleeping          |     7 |     5 ||    12
  Eat: Chunk             |     3 |     3 ||     6
Armor: Skin              |    10 |     4 ||    14
Dodge: Dodged            |    50 |    30 ||    80
